AoeStats
← nlyon02

Black Forest

509803484Analyzed
4v4 RM · 6d ago on Sep 28, 2026· 57m 42s· 8 players
Game mode
Random Map
Map size
Large (8 player)
Population
200
Speed
Normal
Resources
Standard
Victory
Conquest
Starting age
Dark Age
Ending age
Imperial Age
RankedLock teamsTeams togetherTeam positionsShared explorationLock speedFull tech treeHidden civsTurbo modeCheats
Victory
Defeat
🇺🇸 Romans · United States
969
+11
🇺🇸 Khmer · United States
939
+12
🇨🇳 Spanish · China
902
+14
🇺🇸 Mongols · United States
897
+14
🇦🇷 Chinese · Argentina
931
-16
🇨🇱 Tatars · Chile
850
-13
🇵🇪 Magyars · Peru
840
-12
🇵🇪 Franks · Peru
792
-10
BlackDream
6:01 Loom
12:22 Feudal Age
18:52 Castle Age
17:06 Stone Mining
17:13 Double-Bit Axe
17:24 Horse Collar
18:59 Wheelbarrow
19:39 Heavy Plow
19:52 Bow Saw
23:17 Hand Cart
25:13 Gold Mining
28:06 Gold Shaft Mining
32:20 Imperial Age
31:49 Forging
31:45 Scale Barding Armor
32:47 Caravan
32:51 Elite Keshik
33:34 Silk Armor
33:55 Conscription
35:22 Timurid Siegecraft
35:29 Bloodlines
35:20 Husbandry
34:40 Light Cavalry
36:02 Iron Casting
35:47 Chain Barding Armor
36:04 Crop Rotation
38:23 Plate Barding Armor
39:06 Blast Furnace
38:40 Hussar
leonedu
3:02 Loom
13:06 Feudal Age
14:39 Double-Bit Axe
17:27 Castle Age
19:22 Wheelbarrow
18:56 Fishing Lines
20:01 Gillnets
23:53 Bow Saw
25:20 Hand Cart
25:55 Fervor
26:15 Gold Mining
26:27 Stone Mining
31:51 Imperial Age
32:12 Scale Barding Armor
32:17 Forging
32:58 Gold Shaft Mining
31:55 Onager
33:53 Chain Barding Armor
34:25 Caravan
35:26 Iron Casting
34:45 Fletching
39:42 Plate Barding Armor
40:08 Blast Furnace
39:10 Chivalry
39:33 Conscription
39:50 Hoardings
39:12 Bodkin Arrow
38:41 Pikeman
39:21 Squires
39:07 Arson
39:55 Town Watch
40:13 Scale Mail Armor
41:25 Husbandry
40:45 Cavalier
42:12 Paladin
51:54 Elite Throwing Axeman
51:55 Ordonnance Companies
josecab1088
4:32 Loom
16:52 Feudal Age
27:53 Castle Age
25:54 Double-Bit Axe
26:10 Horse Collar
26:52 Gold Mining
29:10 Town Watch
30:03 Wheelbarrow
32:13 Bow Saw
35:15 Scale Barding Armor
37:21 Husbandry
37:28 Heavy Plow
39:36 Padded Archer Armor
39:26 Fletching
39:59 Chain Barding Armor
39:35 Elite Skirmisher
45:07 Bodkin Arrow
45:27 Leather Archer Armor
GerAoe
0:28 Loom
19:00 Feudal Age
25:34 Double-Bit Axe
29:18 Castle Age
28:30 Fishing Lines
28:45 Gold Mining
28:41 Horse Collar
29:53 Gillnets
30:21 Bow Saw
31:13 Heavy Plow
31:09 Stone Mining
34:04 Caravan
37:04 Wheelbarrow
40:42 Imperial Age
38:42 Fletching
38:53 Padded Archer Armor
39:54 Ballistics
39:45 Fortified Wall
40:07 Bodkin Arrow
40:28 Leather Archer Armor
42:42 Chemistry
41:45 Bracer
43:48 Ring Archer Armor
43:48 Rocketry
43:56 Thumb Ring
43:22 Elite Chu Ko Nu
Namely
0:32 Loom
18:33 Feudal Age
24:12 Castle Age
22:18 Double-Bit Axe
25:14 Bow Saw
28:22 Wheelbarrow
33:08 Gold Mining
33:06 Horse Collar
35:30 Hand Cart
40:08 Imperial Age
37:25 Town Watch
37:53 Forging
37:43 Scale Mail Armor
37:48 Scale Barding Armor
37:34 Fletching
37:44 Padded Archer Armor
38:37 Light Cavalry
39:27 Bloodlines
39:18 Husbandry
39:24 Town Patrol
40:18 Tusk Swords
41:53 Conscription
41:34 Double Crossbow
41:53 Caravan
42:26 Coinage
41:51 Heavy Scorpion
41:56 Hussar
43:59 Iron Casting
43:39 Chain Mail Armor
43:44 Chain Barding Armor
43:39 Leather Archer Armor
43:19 Bodkin Arrow
43:38 Fortified Wall
43:34 Siege Engineers
43:11 Pikeman
46:15 Blast Furnace
46:17 Chemistry
46:10 Banking
45:05 Halberdier
47:59 Ballistics
48:32 Plate Barding Armor
48:27 Ring Archer Armor
50:04 Elite Battle Elephant
Havoc AD
1:07 Loom
14:47 Feudal Age
16:12 Wheelbarrow
16:50 Town Watch
20:13 Gold Mining
20:14 Stone Mining
20:11 Double-Bit Axe
28:24 Castle Age
27:11 Horse Collar
30:46 Heavy Plow
34:36 Hand Cart
34:25 Town Patrol
37:31 Bloodlines
37:21 Husbandry
38:24 Forging
38:20 Scale Barding Armor
41:43 Imperial Age
39:50 Iron Casting
39:56 Gold Shaft Mining
39:56 Stone Shaft Mining
39:36 Bow Saw
39:55 Nomads
42:14 Chain Barding Armor
42:05 Caravan
42:13 Elite Steppe Lancer
43:56 Blast Furnace
44:29 Guard Tower
44:50 Fortified Wall
44:40 Murder Holes
46:25 Conscription
47:27 Elite Mangudai
nlyon02
0:32 Loom
13:40 Feudal Age
15:11 Horse Collar
18:51 Double-Bit Axe
26:43 Castle Age
24:56 Stone Mining
24:57 Gold Mining
28:07 Bow Saw
28:02 Heavy Plow
28:40 Gold Shaft Mining
37:25 Imperial Age
35:32 Ballistas
37:42 Ballistics
37:27 Heavy Scorpion
39:16 Chemistry
38:22 Siege Engineers
38:22 Caravan
39:38 Wheelbarrow
38:51 Town Watch
41:04 Town Patrol
41:26 Hand Cart
41:49 Coinage
42:47 Guilds
dad
0:33 Loom
11:37 Feudal Age
16:39 Castle Age
16:35 Double-Bit Axe
16:34 Horse Collar
26:09 Heavy Plow
26:22 Bow Saw
26:42 Gold Mining
26:42 Stone Mining
28:14 Wheelbarrow
27:24 Town Watch
28:37 Stone Shaft Mining
29:50 Hand Cart
29:45 Caravan
33:12 Imperial Age
34:27 Conscription
34:10 Padded Archer Armor
34:01 Fletching
35:08 Leather Archer Armor
35:28 Bodkin Arrow
34:57 Elite Conquistador
36:20 Capped Ram
37:31 Siege Ram
39:29 Ring Archer Armor
39:00 Bracer
53:24 Husbandry
53:35 Bloodlines
Connection lost

Rejoining the realm…

Still unreachable

The connection could not be restored.

Session expired

The server has moved on; the page needs a fresh start.